 Dungeon Crawl Stone Soup version 0.20-a0-903-g7e3609c (webtiles) character file.

7614 braks the Arsonist (level 11, -7/82 HPs)
             Began as a Hill Orc Fire Elementalist on Mar 20, 2017.
             Was a High Priest of Vehumet.
             Hit by a large rock thrown by a cyclops (29 damage)
             ... on level 8 of the Dungeon.
             The game lasted 01:03:38 (11913 turns).

braks the Arsonist (Hill Orc Fire Elementalist)    Turns: 11913, Time: 01:03:39

Health: -7/82      AC:  5    Str: 12    XL:     11   Next: 18%
Magic:  2/17       EV: 10    Int: 21    God:    Vehumet [*****.]
Gold:   590        SH:  0    Dex:  8    Spells: 1/18 levels left

rFire    + + +     SeeInvis +   k - +1 flail "Giantslayer" {crush, rElec rF+++ Int+4 Dex-2}
rCold    + . .     Gourm    .   s - +0 ring mail
rNeg     . . .     Faith    .   (no shield)
rPois    .         Spirit   .   (helmet restricted)
rElec    +         Reflect  .   (no cloak)
rCorr    .         Harm     .   (no gloves)
MR       .....                  (no boots)
Stlth    +.........             (no amulet)
Regen    0.3/turn               x - ring of protection from cold
MPRegen  0.2/turn               j - ring of see invisible

@: no status effects
A: horns 1, clumsy 1, sense surroundings 1, evolution 1
a: Renounce Religion


You were on level 8 of the Dungeon.
You worshipped Vehumet.
Vehumet was extremely pleased with you.
You were near starving.

You visited 2 branches of the dungeon, and saw 9 of its levels.
You also visited: Ossuary.

You collected 590 gold pieces.

Inventory:

Hand Weapons
 e - a +1 trident
 k - the +1 flail "Giantslayer" (weapon) {crush, rElec rF+++ Int+4 Dex-2}
   (You found it on level 5 of the Dungeon)

   It inflicts extra damage upon your enemies.
   It affects your intelligence (+4).
   It affects your dexterity (-2).
   It renders you almost immune to fire.
   It insulates you from electricity.
 r - a +1 whip of flaming
Missiles
 h - 12 tomahawks
 n - 2 steel tomahawks
 M - a javelin (quivered)
Armour
 s - a +0 ring mail (worn)
Jewellery
 j - a ring of see invisible (left hand)
 x - a ring of protection from cold (right hand)
Wands
 g - a wand of paralysis (16/24)
 v - a wand of confusion (32/48)
 w - a wand of confusion (14/48)
Scrolls
 a - a scroll of identify
 f - a scroll of magic mapping
 l - 4 scrolls of enchant weapon
 o - a scroll of remove curse
 p - 2 scrolls of fog
 t - 4 scrolls of amnesia
 E - a scroll of teleportation
 F - a scroll of summoning {unknown}
 J - a scroll of immolation
Potions
 i - a potion of degeneration {unknown}
 m - a potion of might
 q - a potion of resistance
 u - a potion of curing
 z - a potion of magic
 G - 2 potions of flight
 H - a potion of lignification {unknown}
 I - a potion of heal wounds {unknown}
Books
 b - a book of Flames

   Spells                             Type                      Level
   a - Flame Tongue                   Conjuration/Fire             1
   b - Throw Flame                    Conjuration/Fire             2
   c - Conjure Flame                  Conjuration/Fire             3
   d - Inner Flame                    Hexes/Fire                   3
   e - Sticky Flame                   Conjuration/Fire             4
   f - Fireball                       Conjuration/Fire             5
 C - a book of Cantrips

   Spells                             Type                      Level
   a - Confusing Touch                Hexes                        1
   b - Animate Skeleton               Necromancy                   1
   c - Summon Small Mammal            Summoning                    1
   d - Apportation                    Translocation                1
Comestibles
 c - 4 bread rations
 B - 2 fruits
 D - 4 royal jellies


   Skills:
 - Level 3.0 Fighting
 - Level 1.5 Dodging
 - Level 1.5 Stealth
 - Level 4.3 Spellcasting
 + Level 8.9 Conjurations
 - Level 6.0 Hexes
 + Level 10.1 Fire Magic
 * Level 7.7 Evocations


You had one spell level left.
You knew the following spells:

 Your Spells              Type           Power        Failure   Level  Hunger
a - Flame Tongue          Conj/Fire      #####        1%          1    None
b - Conjure Flame         Conj/Fire      #####...     1%          3    ##.....
c - Dazzling Spray        Conj/Hex       #####.       1%          3    ##.....
d - Sticky Flame          Conj/Fire      #####...     1%          4    ####...
e - Fireball              Conj/Fire      #####.....   4%          5    ######.
f - Apportation           Tloc           #.....       28%         1    None


Dungeon Overview and Level Annotations

Branches:
Dungeon (8/15)             Temple (1/1) D:4
   Lair: D:8-11

Altars:
Ashenzari
Cheibriados
Dithmenos
Elyvilon
Fedhas
Gozag
Hepliaklqana
Kikubaaqudgha
Makhleb
Nemelex Xobeh
Okawaru
Qazlal
Ru
Sif Muna
Trog
Uskayaw
Vehumet
Wu Jian
Xom
Yredelemnul
Zin
The Shining One

Shops:
D:4 %   D:7 (

Annotations:
D:2 exclusion: downstairs
D:3 exclusion: downstairs
D:7 exclusion: downstairs


Innate Abilities, Weirdness & Mutations

You have a pair of small horns on your head.
You are clumsy. (Dex -2)
You passively map a small area around you.
You evolve.


Message History

Press: ? - help, Shift-Dir - straight line, f - cyclops
Aim: a cyclops The sticky flame hits the cyclops.
The cyclops is lightly wounded.
The cyclops is covered in liquid flames!
The cyclops burns!
The cyclops hits you!
* * * LOW HITPOINT WARNING * * *
The cyclops burns!
Okay, then.
Casting: Sticky Flame
Confirm with . or Enter, or press ? or * to list all spells.
Aiming: Fireball
Press: ? - help, Shift-Dir - straight line, f/p - cyclops
Aim: a cyclops (heavily wounded, covered in liquid flames)
The fireball explodes!
The fireball engulfs the cyclops.
The cyclops is severely wounded.
You are near starving!
The cyclops burns!
The cyclops burns!
The cyclops throws a large rock.
The large rock hits you!!
You die...

* ..###.#......# *
#......).....# * *
#........# * * #####
#..####'##* ...# #..# ,
#######.###.C########## * ,
.......................
#######.######C........ ,
*#..........@....####### ,
# *#.#####.#####...#.. , ,
#.##.#####.#####...#.### *
#..^...............#.#.. ,
**#
####.#####......#..#.#.####
. #.#
#.........#.#.#..,#### #.#
#.........#.#.#.##OC.# #.#
###'######..#.#.#.#(## #
#.# #..........#.#.#.#.[[#
#


You could see a cyclops (burning).

Vanquished Creatures
  A two-headed ogre (D:8)
  Pikel (D:5)
  A troll (D:7)
  The ghost of braks the Skirmisher, an amateur BaSk of Wu Jian (D:3)
  A slime creature (D:8)
  A hippogriff (D:7)
  Sigmund (D:6)
  5 yaks (D:8)
  A hungry ghost (D:6)
  Grum (D:8)
  4 hogs (D:7)
  A human (D:7)
  2 sky beasts (D:6)
  4 ice beasts
  A slave (D:5)
  2 black bears
  A necrophage (D:6)
  A phantom (D:7)
  6 ogres
  2 wolves (D:8)
  2 big kobolds (D:5)
  Blork the orc (D:4)
  10 bullfrogs
  A scorpion (D:7)
  2 troll zombies (Ossuary)
  An electric eel (D:8)
  5 wights (D:7)
  2 howler monkeys
  A bullfrog zombie (D:5)
  2 crimson imps
  A centaur zombie (Ossuary)
  3 orc priests
  A jelly (D:5)
  2 hounds
  3 orc wizards
  A centaur skeleton (D:5)
  2 worker ants
  2 ogre zombies (Ossuary)
  A hound zombie (D:6)
  8 mummies
  16 gnolls
  9 adders
  2 shadow imps (D:8)
  2 oozes
  2 adder zombies (Ossuary)
  A worm (D:4)
  2 dart slugs (D:1)
  3 leopard geckos
  20 orcs
  6 giant cockroaches
  27 goblins
  33 hobgoblins
  16 jackals
  5 kobolds
  2 quokkas
  4 ball pythons
  7 bats
  5 frilled lizards
  2 gnoll zombies (Ossuary)
  3 goblin zombies (Ossuary)
  5 hobgoblin zombies (Ossuary)
  6 kobold zombies (Ossuary)
  2 leopard gecko skeletons
  An orc zombie (Ossuary)
  2 quokka zombies (Ossuary)
  9 rats
  4 rat zombies (Ossuary)
285 creatures vanquished.

Vanquished Creatures (others)
  A slave (D:5)
  A scorpion (D:5)
2 creatures vanquished.

Grand Total: 287 creatures vanquished

Notes
Turn   | Place    | Note
-------+----------+-------------------------------------------
     0 | D:1      | braks the Hill Orc Fire Elementalist began the quest for the Orb.
     0 | D:1      | Reached XP level 1. HP: 14/14 MP: 3/3
   140 | D:1      | Reached skill level 1 in Fighting
   522 | D:1      | Reached XP level 2. HP: 22/24 MP: 1/4
  1457 | D:2      | Reached XP level 3. HP: 31/31 MP: 2/5
  1526 | D:2      | Found an ornate altar of the Wu Jian Council.
  1528 | D:2      | Found a radiant altar of Vehumet.
  1534 | D:2      | Became a worshipper of Vehumet
  1536 | D:2      | Found an iron altar of Okawaru.
  1541 | D:2      | Learned a level 3 spell: Conjure Flame
  1541 | D:2      | Found a burning altar of Makhleb.
  1541 | D:2      | Found a hazy altar of Hepliaklqana.
  1541 | D:2      | Found a glowing golden altar of the Shining One.
  1543 | D:2      | Found a white marble altar of Elyvilon.
  1925 | D:3      | Noticed braks's ghost (amateur BaSk)
  2088 | D:2      | Reached skill level 4 in Fire Magic
  2088 | D:2      | Reached XP level 4. HP: 15/38 MP: 3/6
  2319 | D:1      | Gained mutation: Your magical capacity is low. (-10% MP) [potion of mutation]
  2319 | D:1      | Gained mutation: Your spells are a little harder to cast, but a little more powerful. [potion of mutation]
  2319 | D:1      | Gained mutation: Your natural rate of healing is unusually fast. [potion of mutation]
  2578 | D:3      | Reached XP level 5. HP: 45/45 MP: 1/6
  3100 | D:3      | Reached * piety under Vehumet
  3100 | D:3      | Offered knowledge of Shock by Vehumet.
  3170 | D:3      | Killed braks's ghost
  3170 | D:3      | Reached skill level 5 in Fire Magic
  3170 | D:3      | Reached XP level 6. HP: 36/51 MP: 1/7
  3202 | D:3      | Learned a level 4 spell: Sticky Flame
  3454 | D:4      | Found a staircase to the Ecumenical Temple.
  3470 | Temple   | Entered the Ecumenical Temple
  3740 | D:4      | Noticed Blork the orc
  3759 | D:4      | Killed Blork the orc
  3759 | D:4      | Reached skill level 6 in Fire Magic
  3759 | D:4      | Reached XP level 7. HP: 52/57 MP: 1/8
  4141 | D:4      | Reached skill level 5 in Conjurations
  4296 | D:4      | Found Ijue's Food Shop.
  4541 | D:4      | Reached skill level 7 in Fire Magic
  4770 | D:5      | Entered Level 5 of the Dungeon
  4819 | D:5      | Reached XP level 8. HP: 63/63 MP: 0/9
  4937 | D:5      | Offered knowledge of Freeze by Vehumet.
  4979 | D:5      | Got an encrusted flail
  4980 | D:5      | Identified the cursed +1 flail "Giantslayer" {crush, rElec rF+++ Int+4 Dex-2} (You found it on level 5 of the Dungeon)
  5087 | D:5      | Reached ** piety under Vehumet
  5468 | D:5      | Noticed Pikel
  5484 | D:5      | Killed Pikel
  5484 | D:5      | Reached skill level 8 in Fire Magic
  5831 | D:5      | Reached XP level 9. HP: 54/69 MP: 10/13
  5841 | D:5      | Offered knowledge of Dazzling Spray by Vehumet.
  5846 | D:5      | Learned a level 3 spell: Dazzling Spray
  6107 | D:5      | Reached *** piety under Vehumet
  6243 | D:5      | Reached skill level 1 in Hexes
  6338 | D:5      | Offered knowledge of Static Discharge by Vehumet.
  6953 | D:6      | Noticed Sigmund
  6970 | D:6      | Killed Sigmund
  7047 | D:6      | Found a bloodstained altar of Trog.
  7093 | D:6      | Reached skill level 5 in Hexes
  7209 | D:6      | Gained mutation: You passively map a small area around you. [mutagenic meat]
  7212 | D:6      | Gained mutation: You are resistant to hostile enchantments. (MR+) [mutagenic meat]
  7213 | D:6      | Gained mutation: You are resistant to electric shocks. (rElec) [mutagenic meat]
  7251 | D:6      | Noticed a hand axe
  7251 | D:6      | Found a hide-covered altar of Uskayaw.
  7251 | D:6      | Noticed a hand axe
  7684 | D:6      | Reached **** piety under Vehumet
  8089 | D:6      | Reached skill level 1 in Evocations
  8452 | D:7      | Offered knowledge of Bolt of Magma by Vehumet.
  8689 | D:6      | Reached XP level 10. HP: 75/77 MP: 1/14
  8782 | D:6      | Learned a level 5 spell: Fireball
  8984 | D:7      | Found Zoefuijun's Antique Weapon Shop.
  9028 | D:7      | Learned a level 1 spell: Apportation
  9223 | D:7      | Reached skill level 9 in Fire Magic
  9232 | D:7      | Reached skill level 5 in Evocations
  9465 | D:8      | Found a sand-covered staircase.
  9501 | Ossuary  | Entered an ossuary
  9667 | Ossuary  | Reached ***** piety under Vehumet
  9667 | Ossuary  | Offered knowledge of Orb of Destruction by Vehumet.
  9936 | Ossuary  | Lost mutation: Your magical capacity is low. (-10% MP) [potion of mutation]
  9936 | Ossuary  | Lost mutation: You are resistant to hostile enchantments. (MR+) [potion of mutation]
  9936 | Ossuary  | Lost mutation: You are resistant to electric shocks. (rElec) [potion of mutation]
  9936 | Ossuary  | Lost mutation: Your natural rate of healing is unusually fast. [potion of mutation]
  9936 | Ossuary  | Gained mutation: You expend magic power (3 MP) to strengthen your wands. [potion of mutation]
  9936 | Ossuary  | Gained mutation: Potions are less effective at restoring your health. [potion of mutation]
  9936 | Ossuary  | Gained mutation: Your mind is acute. (Int +2) [potion of mutation]
  9937 | Ossuary  | Lost mutation: Your spells are a little harder to cast, but a little more powerful. [potion of mutation]
  9937 | Ossuary  | Lost mutation: You expend magic power (3 MP) to strengthen your wands. [potion of mutation]
  9937 | Ossuary  | Lost mutation: Potions are less effective at restoring your health. [potion of mutation]
  9937 | Ossuary  | Lost mutation: Your mind is acute. (Int +2) [potion of mutation]
  9937 | Ossuary  | Lost mutation: You passively map a small area around you. [potion of mutation]
  9937 | Ossuary  | Gained mutation: You evolve. [potion of mutation]
  9937 | Ossuary  | Gained mutation: You have a pair of small horns on your head. [potion of mutation]
  9937 | Ossuary  | Gained mutation: You are clumsy. (Dex -2) [potion of mutation]
  9937 | Ossuary  | Gained mutation: Your natural rate of healing is unusually fast. [potion of mutation]
  9938 | Ossuary  | Lost mutation: Your natural rate of healing is unusually fast. [potion of mutation]
  9938 | Ossuary  | Gained mutation: Your body sometimes deteriorates upon taking damage. [potion of mutation]
  9938 | Ossuary  | Gained mutation: You passively map a small area around you. [potion of mutation]
 10542 | D:8      | Lost mutation: Your body sometimes deteriorates upon taking damage. [evolution]
 10806 | D:8      | Noticed a cyclops
 10807 | D:8      | Noticed a two-headed ogre
 11110 | D:8      | Noticed Grum
 11164 | D:8      | Killed Grum
 11164 | D:8      | Reached XP level 11. HP: 56/82 MP: 3/17
 11414 | D:8      | Killed a two-headed ogre
 11414 | D:8      | Reached skill level 10 in Fire Magic
 11765 | D:8      | Found a shadowy altar of Dithmenos.
 11913 | D:8      | Hit by a large rock thrown by a cyclops

Vault maps used:
D:1:      zaba_arrival_water
D:2:      minitemple
D:4:      minmay_temple_entry_water_ring, serial_shops, nicolae_shop_crystal,
          st_stairs_2, uniq_blork_the_orc
D:5:      minmay_goblin_kobold_castle, first_bread, uniq_pikel
D:6:      dancing_weapons_uskayaw, basic_altar, uniq_sigmund
D:7:      serial_shops, nicolae_shop_waterfront, serial_glass, glass_columns_b,
          glass_columns_b, grunt_livestock, nrook_mini_vaults
D:8:      minmay_distorted_concentric_squares, marbit_many_paths,
          gup_ossuary_entry_pyramid, uniq_grum
Temple:   nicolae_temple_figure_eight
Ossuary:  ossuary_boxes_badplayer

Skill      XL: |  1  2  3  4  5  6  7  8  9 10 11 |
---------------+----------------------------------+-----
Fighting       | 1 3 |  3.0
Fire Magic     | 4 5 6 7 8 9 10 | 10.1
Conjurations   | 2 4 5 6 7 8 |  8.9
Spellcasting   | 2 4 |  4.3
Hexes          | 6 |  6.0
Evocations     | 2 7 |  7.7
Dodging        | |  1.5
Stealth        | |  1.5

Action                   |  1- 3 |  4- 6 |  7- 9 | 10-12 || total
-------------------------+-------+-------+-------+-------++-------
Melee: Club              |    32 |       |       |       ||    32
       Falchion          |    25 |    25 |       |       ||    50
       Trident           |       |    69 |    80 |     8 ||   157
       Dire flail        |       |       |     3 |       ||     3
       Flail             |       |       |   238 |   202 ||   440
       Headbutt          |       |       |       |    16 ||    16
Throw: Tomahawk          |       |     4 |     2 |    16 ||    22
       Javelin           |       |       |       |     2 ||     2
 Cast: Flame Tongue      |    40 |    26 |   113 |    83 ||   262
       Conjure Flame     |     1 |     3 |     9 |     6 ||    19
       Sticky Flame      |       |       |     6 |    18 ||    24
       Dazzling Spray    |       |       |    32 |     6 ||    38
       Fireball          |       |       |       |    11 ||    11
       Apportation       |       |       |       |     3 ||     3
  Use: Potion            |     5 |     1 |     1 |     4 ||    11
       Scroll            |       |     9 |     4 |     2 ||    15
  Eat: Chunk             |     5 |     6 |    18 |     4 ||    33
       Meat ration       |       |       |     2 |     1 ||     3
       Bread ration      |       |       |     2 |     2 ||     4
Armor: Leather armour    |    22 |    24 |     3 |       ||    49
       Ring mail         |       |       |   149 |    97 ||   246
Dodge: Dodged            |    49 |    72 |   224 |   139 ||   484
       Rpst.: Falchion   |     8 |    12 |       |       ||    20
